 Dungeon Crawl Stone Soup version 0.17-a0-1769-g54adf96 (webtiles) character file.

447 Psiweapon the Bolt Thrower (level 7, 0/40 HPs)
             Began as a Kobold Hunter on Sept 7, 2015.
             Succumbed to poison (a potion of poison)
             ... on level 4 of the Dungeon.
             The game lasted 00:14:00 (4684 turns).

Psiweapon the Bolt Thrower (Kobold Hunter)          Turns: 4684, Time: 00:14:00

Health: 0/40       AC:  3    Str: 16    XL:     7   Next: 24%
Magic:  7/7        EV: 15    Int:  9    God:
Gold:   183        SH:  0    Dex: 18    Spells: 0 memorised, 6 levels left

rFire  . . .     SeeInvis .     w - +0 morningstar
rCold  . . .     Clarity  .     d - +0 leather armour
rNeg   + . .     SustAt   +     (shield restricted)
rPois  .         Gourm    .     (no helmet)
rElec  .         Spirit   .     (no cloak)
rCorr  .         Warding  +     (no gloves)
rMut   .         Stasis   .     (no boots)
MR     .....                    f - amulet of warding
Stlth  +++.......               (no ring)
                                r - ring of sustain attributes

@: mighty, lethally poisoned (0 -> -29), not resistant to hostile enchantments,
fairly stealthy
A: carnivore 3
a: no special abilities


You were on level 4 of the Dungeon.
You were not hungry.

You visited 1 branch of the dungeon, and saw 4 of its levels.

You collected 183 gold pieces.

Inventory:

Hand weapons
 a - a +1 hand crossbow
 c - a +0 short sword
 w - a +0 morningstar (weapon)
Missiles
 b - 6 bolts
Armour
 d - a +0 leather armour (worn)
 t - a +0 ring mail
Jewellery
 f - an amulet of warding (around neck)
 p - an uncursed ring of wizardry
 r - a ring of sustain attributes (left hand)
Scrolls
 g - a scroll of fear {unknown}
 h - 6 scrolls of identify
 i - a scroll of random uselessness {unknown}
 k - 6 scrolls of remove curse
 q - 2 scrolls of teleportation {unknown}
 s - a scroll of recharging
 u - a scroll of blinking
 v - a scroll of noise {unknown}
Potions
 l - a potion of invisibility {unknown}
 o - a potion of might
 x - a potion of curing {unknown}
 z - a potion of heal wounds {unknown}
 A - a potion of agility {unknown}
 B - a potion of mutation {unknown}
Comestibles
 e - 4 meat rations
 m - a beef jerky
 n - a royal jelly


   Skills:
 - Level 2.1 Fighting
 - Level 5.1 Short Blades
 + Level 2.1 Maces & Flails
 + Level 6.6 Crossbows
 - Level 2.4 Dodging
 - Level 5.0 Stealth


You had 6 spell levels left.
You didn't know any spells.

Dungeon Overview and Level Annotations

Branches:
Dungeon (4/15)
 Temple: D:4-7

Altars:
Fedhas
Gozag
Makhleb
Zin


Innate Abilities, Weirdness & Mutations

You are small and have problems with some larger weapons.
You are carnivorous and can eat meat at any time.


Message History

The scorpion poisons you! The scorpion closely misses you.
You closely miss the scorpion.
The scorpion is lightly wounded.
You feel sick. The scorpion stings you!
* * * LOW HITPOINT WARNING * * *
You closely miss the scorpion.
The scorpion is lightly wounded.
* * * LOW HITPOINT WARNING * * *
You feel sick. The scorpion closely misses you.
Drink which item? (? for menu, Esc to quit)
You can't drink that!
Drink which item? (? for menu, Esc to quit)
It was a potion of might.
You feel very mighty all of a sudden. The scorpion stings you!
* * * LOW HITPOINT WARNING * * *
Drink which item? (? for menu, Esc to quit)
It was a potion of poison.
That liquid tasted very nasty...
You are more poisoned.
You die...

###'######## #.#.
#......# #.#.
######.########
#.## #...#....#
#... ###.#.##.#
#.##
#######.....#.#
#.#.
#...........#.#
#.#.
#..........##.#
#.#'
#.......@.....#
#(..
######s##########
#.#' #..>().(.((#
#.#. ######......
#.#. ..... #.##
.... #... ...
#.## .. #.#. .
#.#.


You could see a scorpion.

Vanquished Creatures
  An ogre (D:4)
  A giant frog (D:4)
  A centaur skeleton (D:4)
  An iguana (D:4)
  An orc wizard (D:4)
  2 worker ants (D:4)
  5 adders
  A gnoll (D:1)
  A shadow imp (D:4)
  An ooze (D:1)
  2 worms (D:2)
  3 giant geckos
  6 orcs
  A giant cockroach (D:3)
  7 hobgoblins
  14 jackals
  6 kobolds
  A quokka (D:4)
  4 ball pythons
  12 bats
  6 giant newts
  6 goblins
  6 rats
89 creatures vanquished.

Notes
Turn   | Place    | Note
--------------------------------------------------------------
     0 | D:1      | Psiweapon the Kobold Hunter began the quest for the Orb.
     0 | D:1      | Reached XP level 1. HP: 12/12 MP: 1/1
   105 | D:1      | Reached XP level 2. HP: 17/17 MP: 2/2
   300 | D:1      | Reached XP level 3. HP: 12/21 MP: 3/3
  1185 | D:1      | Reached skill level 5 in Stealth
  1314 | D:2      | Reached skill level 1 in Short Blades
  1314 | D:2      | Reached XP level 4. HP: 26/26 MP: 4/4
  1786 | D:2      | Reached XP level 5. HP: 9/30 MP: 5/5
  2162 | D:2      | Found an opulent altar of Gozag.
  2489 | D:3      | Found a faded altar to an unknown god.
  2492 | D:3      | Found a burning altar of Makhleb.
  2792 | D:3      | Reached skill level 5 in Crossbows
  3358 | D:4      | Found a blossoming altar of Fedhas.
  3360 | D:4      | Noticed an ogre
  3844 | D:4      | Reached XP level 6. HP: 7/35 MP: 6/6
  4315 | D:4      | Reached skill level 5 in Short Blades
  4579 | D:4      | Found a glowing silver altar of Zin.
  4632 | D:4      | Reached skill level 1 in Maces & Flails
  4632 | D:4      | Reached skill level 6 in Crossbows
  4666 | D:4      | Killed an ogre
  4666 | D:4      | Reached XP level 7. HP: 37/40 MP: 7/7
  4684 | D:4      | Succumbed to poison (a potion of poison)

Vault maps used:
D:1:      matt_arrival_grand_opening
D:2:      nicolae_gozag_seed_capital
D:3:      bloody_makhleb, ecumenical_altar_1
D:4:      minmay_door_path, zin_statuary, fedhas_altar_1,
          nemelex_xobeh_ov_fountains_minmay, first_bread

Action                   |  1- 3 |  4- 6 |  7- 9 || total
-------------------------+-------+-------+-------++-------
Melee: Short sword       |    95 |    84 |       ||   179
       Morningstar       |       |    50 |     5 ||    55
 Fire: Hand crossbow     |    21 |    79 |     6 ||   106
  Use: Scroll            |       |     3 |       ||     3
       Potion            |       |     1 |     2 ||     3
 Stab: Sleeping          |     1 |     8 |       ||     9
  Eat: Chunk             |     9 |     5 |       ||    14
